 Dungeon Crawl Stone Soup version 0.31-a0-1576-ga3383bade6 (webtiles) character file.

Game seed: 12240941990049891352

1682 voltaire321 the Apothecary (level 8, -4/60 HPs)
             Began as a Demonspawn Alchemist on Jan 5, 2024.
             Was an Initiate of Wu Jian.
             Slain by a lemure (5 damage)
             ... led by Pikel
             ... on level 6 of the Dungeon.
             The game lasted 00:17:45 (5263 turns).

voltaire321 the Apothecary (Demonspawn Alchemist)   Turns: 5263, Time: 00:17:45

Health: -4/60      AC:  7    Str: 12    XL:     8   Next: 71%
Magic:  14/14      EV: 13    Int: 15    God:    Wu Jian [......]
Gold:   412        SH:  0    Dex: 13    Spells: 3/15 levels left

rFire   + . .        y - +0 broad axe
rCold   + . .        (no shield)
rNeg    . . .        a - +1 leather armour {Will+}
rPois   +            v - +0 helmet
rElec   .            r - scarf {rC+ rF+}
rCorr   .            (no gloves)
SInv    .            (no boots)
Will    +....        j - amulet of magic regeneration
Stlth   ++           s - ring of poison resistance
HPRegen 0.30/turn    (no ring)
MPRegen 0.54/turn

%: no passive effects
@: no status effects
A: icy blue scales 1, spiny 1, condensation shield, weakness stinger 1
a: Renounce Religion


You were on level 6 of the Dungeon.
You worshipped Wu Jian.
Wu Jian was noncommittal.
You visited 2 branches of the dungeon, and saw 7 of its levels.

You collected 412 gold pieces.

Inventory:

Hand Weapons
 e - the +5 whip "Uxounn" {heavy, Will++}
   (You found it on level 6 of the Dungeon)

   Will++:    It greatly increases your willpower.
 x - a +2 short sword of speed
 y - a +0 broad axe (weapon)
Missiles
 i - a curare-tipped dart
Armour
 a - a +1 leather armour of willpower (worn)
 r - a scarf of resistance (worn)
 v - a +0 helmet (worn)
Jewellery
 j - an amulet of magic regeneration (around neck)
 s - a ring of poison resistance (left hand)
 u - a ring of ice
Wands
 l - a wand of polymorph (7)
 n - a wand of paralysis (9)
Scrolls
 c - 3 scrolls of teleportation
 k - a scroll of revelation
 q - a scroll of blinking
Potions
 b - a potion of magic
 d - a potion of mutation
 f - a potion of degeneration {unknown}
 g - a potion of cancellation {unknown}
 h - a potion of brilliance {unknown}
 o - a potion of berserk rage
 p - a potion of ambrosia {unknown}
 w - a potion of haste {unknown}
 A - a potion of enlightenment
 B - a potion of attraction {unknown}


   Skills:
 + Level 4.0 Fighting
 + Level 2.1 Axes
 + Level 3.6 Armour
 + Level 4.1 Dodging
 - Level 1.7 Stealth
 + Level 4.2 Spellcasting
 - Level 4.0 Conjurations
 + Level 2.7 Earth Magic
 + Level 5.1 Alchemy


You had 3 spell levels left.
You knew the following spells:

 Your Spells              Type           Power      Damage    Failure   Level
a - Sting                 Conj/Alch      64%        1d7       3%          1
b - Olgreb's Toxic Radia  Alch           18%        N/A       26%         4
c - Stone Arrow           Conj/Erth      26%        3d8       17%         3
d - Sandblast             Erth           22%        2d7       7%          1
e - Passwall              Erth           11%        N/A       22%         3

Your spell library contained the following spells:

 Spells                   Type           Power      Damage    Failure   Level
 Mercury Vapours          Alch/Air       20%        N/A       12%         2
 Mephitic Cloud           Conj/Alch/Air  12%        N/A       19%         3
 Apportation              Tloc           6%         N/A       22%         1
 Jinxbite                 Hex            6%         N/A       34%         2
 Summon Ice Beast         Ice/Summ       3%         N/A       56%         3
 Brom's Barrelling Bould  Conj/Erth      13%        2d4       50%         4
 Alistair's Intoxication  Alch           12%        N/A       58%         5
 Sticky Flame             Fire/Alch      10%        2d5       61%         4
 Cause Fear               Hex            1%         N/A       92%         4
 Fireball                 Conj/Fire      4%         3d4       95%         5
 Summon Mana Viper        Hex/Summ       3%         N/A       99%         5
 Monstrous Menagerie      Summ           1%         N/A       100%        7
 Dragon's Call            Summ           1%         N/A       100%        9


Dungeon Overview and Level Annotations

Branches:
Dungeon (6/15)             Temple (1/1) D:6

Altars:
Ashenzari
Cheibriados
Dithmenos
Hepliaklqana
Kikubaaqudgha
Makhleb
Nemelex Xobeh
Qazlal
Ru
Sif Muna
Trog
Uskayaw
Vehumet
Wu Jian
Xom
Yredelemnul

Annotations:
D:4 3 runed translucent doors, SirDiesAlot's ghost, amateur OpFE
D:6 Pikel


Innate Abilities, Weirdness & Mutations

You are partially covered in icy blue scales. (AC +2)
You are partially covered in sharp spines.
A meltable shield of frost defends you. (SH +0)
You have a small tail.


Message History

That felt strangely unrewarding.
You hear a shout!
A lemure comes into view.
Pikel is struck by your spines.
Pikel hits you with a +0 whip of flaming!
Your condensation shield dissipates!
Pikel burns you.
You barely miss Pikel.
Pikel is lightly wounded.
You hit the lemure.
Pikel hits you with a +0 whip of flaming.
The lemure barely misses you.
You hit Pikel.
Pikel is lightly wounded.
You slash the lemure!
Pikel hits you with a +0 whip of flaming.
The lemure barely misses you. Pikel is struck by your spines.
Pikel barely misses you. The lemure is struck by your spines.
You kill the lemure!
That felt strangely unrewarding.
You closely miss Pikel.
Pikel is moderately wounded.
Pikel hits you with a +0 whip of flaming!
You miss Pikel.
Pikel is moderately wounded.
You closely miss the lemure. Pikel is struck by your spines.
Pikel hits you with a +0 whip of flaming.
The lemure hits you.
* * * LOW HITPOINT WARNING * * *
Pikel barely misses you. The lemure hits you!
* * * LOW HITPOINT WARNING * * *
You hit Pikel but do no damage.
Your tail-slap misses Pikel.
Pikel is moderately wounded.
You barely miss the lemure.
Pikel hits you with a +0 whip of flaming!
* * * LOW HITPOINT WARNING * * *
Pikel burns you.
* * * LOW HITPOINT WARNING * * *
The lemure is struck by your spines. The lemure hits you.
You die...

*,,,,,,,*#................
*,*****,*#................
*,* #K*#..........######
*,* #5*#.#######..# *,*
#.*#.######...###### *,*
#5*#.#.....>........ *,*
#.*#.#.#####.#...... *,*
#.##.#..## #.#...... *,*
#.K@.....# #.#......
*,****#.5.#....###.#......
*,*#.....###.......#).....
*,*#.##..#**..##...#......
*,..,*##..*,.##*,#).......
**..,,,*#..,,,##....#......
*,,,,,,,....,.......#......
***,,**,....,...##[.#......
*,****..._...**##........


You could see Pikel and a lemure.

Vanquished Creatures
  Grinder (D:6)
  Eustachio (D:5)
  A water moccasin (D:6)
  A black bear (D:5)
  3 lemures (D:6)
  A phantom (D:6)
  A kobold brigand (D:6)
  Blork the orc (D:6)
  A scorpion (D:5)
  2 bombardier beetles (D:5)
  A howler monkey (D:5)
  3 hounds
  A jelly (D:4)
  3 orc priests
  5 iguanas
  A sleepcap (D:5)
  7 orc wizards
  7 gnolls
  4 adders
  2 white imps
  4 ufetubi
  4 dart slugs
  3 ribbon worms
  18 orcs
  5 bats
  3 endoplasms
  3 giant cockroaches
  5 goblins
  8 hobgoblins
  3 jackals (D:5)
  16 kobolds
  2 quokkas
  7 ball pythons
  A frilled lizard (D:2)
  5 rats
134 creatures vanquished.

Notes
Turn   | Place    | Note
-------+----------+-------------------------------------------
     0 | D:1      | voltaire321 the Demonspawn Alchemist began the quest for
                  | the Orb.
     0 | D:1      | Reached XP level 1. HP: 13/13 MP: 3/3
   158 | D:1      | Gained mutation: You have a small tail. [demonic ancestry]
   158 | D:1      | Reached XP level 2. HP: 15/20 MP: 0/5
   771 | D:2      | Reached skill level 1 in Fighting
   816 | D:2      | Reached skill level 1 in Armour
   816 | D:2      | Gained mutation: You are partially covered in sharp spines.
                  | [demonic ancestry]
   816 | D:2      | Reached XP level 3. HP: 23/26 MP: 3/6
  1753 | D:3      | Reached XP level 4. HP: 32/32 MP: 7/7
  2311 | D:3      | Gained mutation: You are partially covered in icy blue
                  | scales. (AC +2) [demonic ancestry]
  2311 | D:3      | Reached XP level 5. HP: 34/38 MP: 5/8
  2371 | D:3      | Learned a level 4 spell: Olgreb's Toxic Radiance
  2658 | D:3      | Found a shimmering altar of Xom.
  2704 | D:3      | Found a bloodstained altar of Trog.
  2905 | D:4      | Learned a level 3 spell: Stone Arrow
  3065 | D:4      | Learned a level 1 spell: Sandblast
  3161 | D:4      | Found a basalt altar of Yredelemnul.
  3208 | D:4      | Reached XP level 6. HP: 8/44 MP: 10/10
  3393 | D:4      | Found a runed translucent gate.
  3393 | D:4      | Found a runed translucent gate.
  3393 | D:4      | Found a runed translucent gate.
  3394 | D:4      | Noticed SirDiesAlot's ghost (amateur OpFE)
  3747 | D:5      | Entered Level 5 of the Dungeon
  3776 | D:5      | Found a radiant altar of Vehumet.
  3776 | D:5      | Noticed Eustachio
  3793 | D:5      | Killed Eustachio
  3794 | D:5      | Reached skill level 1 in Earth Magic
  3794 | D:5      | Reached skill level 4 in Alchemy
  3794 | D:5      | Reached XP level 7. HP: 35/51 MP: 9/11
  4604 | D:6      | Learned a level 3 spell: Passwall
  4611 | D:6      | Identified the +5 whip "Uxounn" {heavy, Will++}
  4651 | D:6      | Gained mutation: A meltable shield of frost defends you.
                  | (SH +0) [demonic ancestry]
  4651 | D:6      | Reached XP level 8. HP: 58/58 MP: 13/13
  4675 | D:6      | Reached skill level 1 in Axes
  4736 | D:6      | Found a staircase to the Ecumenical Temple.
  4766 | Temple   | Entered the Ecumenical Temple
  4789 | Temple   | Became a worshipper of the Wu Jian Council
  4958 | D:6      | Noticed Grinder
  4972 | D:6      | Killed Grinder
  4981 | D:6      | Noticed Blork the orc
  4990 | D:6      | Killed Blork the orc
  5002 | D:6      | Reached skill level 5 in Alchemy
  5249 | D:6      | Found a shadowy altar of Dithmenos.
  5249 | D:6      | Noticed Pikel
  5263 | D:6      | HP: 2/60 [Pikel/+0 whip of flaming (8)]
  5263 | D:6      | Slain by a lemure

Illustrated notes

Levels and vault maps discovered:
D:1:      scummos_arrival_gate, layout_rooms
D:2:      layout_basic, minmay_gold_behind_fungi
D:3:      minmay_skewed_foursquare, layout_basic, lemuel_crystal_altar,
          lemuel_coloured_pillars_altar
D:4:      layout_gridville, kennysheep_ying_yang, ebering_ghost_rock_garden
D:5:      layout_rooms, mainiacjoe_overflow_24_doors, uniq_eustachio
D:6:      layout_basic, nicolae_dithmenos_shadow_blocks,
          minmay_temple_entry_slanted, uniq_blork_the_orc, uniq_pikel,
          uniq_grinder
Temple:   compressed_dpeg_triangle_lava_temple

Skill      XL: |  1  2  3  4  5  6  7  8 |
---------------+-------------------------+-----
Dodging        | 2 3 4 |  4.1
Fighting       | 1 2 3 4 |  4.0
Armour         | 1 2 3 |  3.6
Conjurations   | 2 3 4 |  4.0
Spellcasting   | 3 4 |  4.2
Earth Magic    | 1 2 |  2.7
Alchemy        | 4 5 |  5.1
Axes           | 2 |  2.1
Stealth        | |  1.7

Action                     |  1- 3 |  4- 6 |  7- 9 || total
---------------------------+-------+-------+-------++-------
  Melee: Dagger            |    71 |    26 |       ||    97
         Short sword       |    14 |    11 |    24 ||    49
         Tailslap          |     8 |     7 |    23 ||    38
         Punch             |     2 |       |     1 ||     3
         Broad axe         |       |       |    87 ||    87
   Cast: Sting             |    52 |    73 |    61 ||   186
         Passwall          |       |       |     1 ||     1
         Sandblast         |       |       |     7 ||     7
Ability: Lunge             |       |       |     2 ||     2
    Use: Potion            |       |     1 |     1 ||     2
         Scroll            |       |     1 |     9 ||    10
 Armour: Robe              |    27 |       |       ||    27
         Ring mail         |    31 |    21 |       ||    52
         Skin              |     1 |       |       ||     1
         Leather armour    |       |    26 |    94 ||   120
  Dodge: Dodged            |    65 |    23 |    73 ||   161
  Block: Other             |       |       |    15 ||    15

Table legend: (Time is in decaauts)
 A = Elapsed time spent in this place.
 B = Non-inter-level travel time spent in this place.
 C = Inter-level travel time spent in this place.
 D = Time resting spent in this place.
 E = Time spent auto-exploring this place.
 F = Levels seen in this place.
 G = Mean time per level.
                   A        B        C        D        E       F      G
               +--------+--------+--------+--------+--------+-----+--------+
         Total |   5276 |   5212 |     64 |    868 |   2891 |   7 |  753.7 |
       Dungeon |   5236 |   5172 |     64 |    868 |   2891 |   6 |  872.7 |
        Temple |     39 |     39 |      0 |      0 |      0 |   1 |   39.0 |
               +--------+--------+--------+--------+--------+-----+--------+

Top non-repeatable levels by time:
     D:3: 1278 daAuts
     D:4: 919 daAuts
     D:2: 864 daAuts
     D:5: 844 daAuts
     D:6: 672 daAuts
     D:1: 657 daAuts
  Temple: 39 daAuts
